Map: Ulzaan

Players

ReborN

  • Race: Zerg Zerg
  • League: Platinum
  • Spawn Location: 9:00

ElProxeneta

  • Race: Zerg Zerg
  • League: Silver
  • Spawn Location: 11:00

Storm - Winner!

  • Race: Zerg Zerg
  • League: Platinum
  • Spawn Location: 1:00

BEERTIME - Winner!

  • Race: Terran Terran
  • League: Diamond
  • Spawn Location: 3:00

VOD

Have the link to the VOD?

Description

Time

  • Played on: Sept. 4, 2018, 9:26 p.m.
  • Length: 17:53
Show
View Real Time Build Order
Export as new Build Order

ReborN Zerg 

Build Orders: Hatch First 

Get SALT Encoding   

  12  0:01  Drone  
  13  0:13  Overlord  
  13  0:18  Drone  
  14  0:31  Drone x2  
  16  0:35  Drone  
  17  0:57  Extractor, Drone  
  16  0:59  Hatchery  
  16  1:03  Drone  
  17  1:07  Drone  
  18  1:20  Drone  
  18  1:24  Spawning Pool  
  18  1:30  Drone  
  19  1:41  Extractor  
  19  1:42  Drone  
  19  1:50  Drone  
  20  2:04  Drone  
  21  2:12  Queen  
  21  2:13  Queen  
  21  2:14  Overlord  
  25  2:16  Drone  
  26  2:35  Drone  
  27  2:37  Drone x2  
  29  2:45  Drone  
  29  2:49  Roach Warren  
  29  2:53  Lair  
  29  3:00  Drone, Evolution Chamber  
  29  3:03  Drone  
  30  3:11  Drone  
  31  3:20  Drone  
  31  3:21  Drone x2  
  31  3:23  Drone x2  
  31  3:26  Extractor  
  35  3:29  Extractor  
  35  3:33  Pneumatized Carapace  
  34  3:39  Drone x2  
  36  3:55  Glial Reconstitution  
  36  3:56  Zerg Missile Weapons Level 1  
  36  3:59  Overlord x2  
  36  4:17  Queen  
  36  4:18  Queen  
  36  4:22  Overlord  
  40  5:11  Drone x6  
  40  5:12  Drone x5  
  51  5:14  Overlord x2  
  51  5:40  Overseer  
  51  5:45  Overlord x3  
  51  6:10  Roach  
  51  6:11  Roach x9  
  71  6:12  Roach  
  71  6:13  Roach x5  
  81  6:48  Spore Crawler  
  81  6:50  Spore Crawler  
  81  6:51  Queen  
  81  7:06  Spore Crawler  
  81  7:08  Spore Crawler  
  79  7:33  Roach x6  
  79  7:34  Roach  
  79  7:35  Roach x3  
  79  7:36  Zerg Missile Weapons Level 2  
  99  7:38  Overlord x2  
  99  7:56  Hatchery  
  88  8:18  Roach  
  88  8:19  Roach x6  
  100  8:20  Roach x5  
  106  8:56  Spore Crawler  
  106  8:57  Spore Crawler  
  106  9:00  Spore Crawler  
  103  9:03  Spore Crawler  
  103  9:07  Overlord x4  
  94  9:32  Roach  
  94  9:33  Roach x3  
  94  9:34  Roach x3  
  94  9:35  Roach x2  
  112  9:40  Ravager x3  
  112  9:41  Ravager  
  112  9:44  Overlord x3  
  88  10:16  Zergling x8  
  88  10:18  Metabolic Boost  
  88  10:21  Roach x5  
  102  10:40  Roach  
  102  10:41  Roach x4  
  48  11:55  Hydralisk Den, Roach x5  
  48  11:56  Roach x3  
  48  11:57  Roach x6  
  75  12:05  Ravager  
  75  12:06  Ravager x3  
  79  12:10  Hatchery  
  66  12:29  Hydralisk  
  68  12:30  Hydralisk x4  
  68  12:31  Hydralisk x4  
  66  13:12  Muscular Augments  
  60  13:40  Lurker Den  
  59  13:46  Overseer  
  59  13:47  Overseer  
  59  13:52  Drone x3  
  62  14:00  Ravager x2  
  64  14:14  Zerg Ground Armor Level 1  
  64  14:23  Grooved Spines  
  40  14:43  Hydralisk x3, Roach  
  40  14:44  Hydralisk x11  
  40  14:45  Hydralisk  
  72  14:58  Drone x3  
  75  15:28  Drone x2  
  77  16:03  Hydralisk x9  
  77  17:06  Hydralisk x9  
Show
View Real Time Build Order
Export as new Build Order

ElProxeneta Zerg 

Build Orders: Pool First 

Get SALT Encoding   

  12  0:01  Drone  
  13  0:10  Drone  
  14  0:20  Overlord  
  14  0:38  Drone x2  
  14  0:39  Drone  
  17  0:49  Spawning Pool  
  16  0:50  Drone  
  17  1:14  Drone  
  17  1:16  Hatchery  
  17  1:23  Drone x2  
  19  1:33  Drone  
  19  1:36  Queen  
  22  1:40  Extractor  
  22  1:45  Drone  
  22  1:58  Overlord  
  22  2:11  Overlord  
  22  2:17  Extractor, Drone  
  22  2:31  Queen  
  22  2:34  Drone x2  
  26  2:42  Drone x2  
  28  2:51  Lair  
  28  2:53  Zergling x6  
  28  2:58  Drone x2  
  33  3:26  Drone x5  
  38  3:30  Overlord  
  38  3:36  Extractor  
  38  3:38  Drone  
  38  3:41  Drone  
  39  3:57  Hydralisk Den  
  39  3:58  Drone x2  
  39  4:00  Drone x3  
  43  4:08  Zergling x8  
  46  4:15  Drone  
  46  4:16  Drone  
  47  4:17  Queen  
  47  4:20  Queen  
  47  4:22  Overlord  
  51  4:29  Metabolic Boost  
  51  4:32  Overlord  
  51  4:54  Drone x2, Evolution Chamber  
  51  4:55  Drone x3  
  51  4:56  Evolution Chamber  
  54  5:07  Hydralisk x2  
  54  5:08  Hydralisk  
  54  5:10  Hydralisk  
  54  5:13  Muscular Augments  
  62  5:17  Hatchery  
  61  5:24  Zerg Ground Armor Level 1  
  61  5:25  Zerg Missile Weapons Level 1  
  61  5:35  Extractor  
  60  5:59  Drone x3  
  60  6:00  Drone  
  60  6:04  Drone  
  65  6:05  Drone x2  
  65  6:08  Overlord x2  
  65  6:09  Overlord  
  65  6:25  Hydralisk  
  65  6:26  Hydralisk x6  
  74  6:43  Drone x4  
  74  6:46  Queen  
  79  6:51  Spore Crawler  
  78  6:55  Spore Crawler  
  78  6:57  Drone x2, Spore Crawler  
  78  6:59  Drone x3  
  81  7:11  Overlord x2  
  81  7:12  Overlord  
  81  7:29  Drone x4  
  86  7:30  Drone x2  
  86  7:34  Zerg Ground Armor Level 2, Zerg Missile Weapons Level 2  
  87  7:41  Overlord x2  
  87  7:58  Infestation Pit  
  72  8:21  Hatchery  
  71  8:30  Spine Crawler  
  71  8:33  Overlord x2  
  71  8:34  Overlord  
  67  8:48  Spore Crawler x2  
  65  8:50  Spore Crawler  
  65  8:52  Hydralisk x2  
  65  8:53  Hydralisk x8  
  65  8:54  Hydralisk x3  
  83  9:26  Hydralisk x5  
  87  9:36  Hydralisk x2  
  91  9:39  Queen  
  93  9:53  Spire  
  70  10:10  Hydralisk x4  
  70  10:11  Hydralisk  
  78  10:21  Hydralisk x6  
  82  10:50  Hydralisk x3  
  82  10:51  Hydralisk x3  
  80  11:08  Hydralisk x2  
  80  11:09  Hydralisk x2  
  76  11:18  Hydralisk x2  
  68  11:35  Hydralisk x2  
  68  11:36  Hydralisk  
  70  11:49  Drone x3  
  70  11:50  Drone x2  
  75  12:02  Drone x2  
  77  12:13  Hydralisk x2, Overlord  
  77  12:14  Hydralisk  
  77  12:33  Drone x5  
  77  12:34  Drone  
  83  13:01  Hydralisk x4  
  87  13:16  Extractor  
  86  13:20  Hydralisk x7  
  86  13:21  Hydralisk  
  102  13:36  Hatchery  
  102  13:40  Hydralisk x5  
  102  13:41  Hydralisk  
  113  13:53  Hive  
  113  14:07  Overlord x2  
  113  14:17  Mutalisk x3  
  113  14:20  Mutalisk x2  
  113  14:21  Mutalisk x2  
  107  14:37  Hydralisk x5  
  107  14:38  Hydralisk  
  77  15:11  Mutalisk x2  
  77  15:12  Corruptor x5  
  91  15:22  Greater Spire  
  91  15:32  Extractor  
  91  15:35  Extractor  
  85  15:59  Hydralisk x4  
  85  16:00  Hydralisk x3  
  89  16:14  Drone x2  
  89  16:17  Drone x3  
  89  16:18  Drone x4  
  57  16:54  Hydralisk x4  
  57  16:55  Hydralisk x5  
  69  17:07  Hydralisk x2  
Show
View Real Time Build Order
Export as new Build Order

Storm Zerg - Winner!

Build Orders: Hatch First, Muta Ling Bane 

Get SALT Encoding   

  12  0:02  Drone  
  13  0:13  Overlord  
  13  0:18  Drone  
  14  0:32  Drone x2  
  16  0:39  Drone  
  17  0:47  Drone  
  18  1:02  Hatchery, Drone  
  18  1:03  Extractor  
  17  1:15  Drone  
  18  1:20  Spawning Pool  
  17  1:26  Drone  
  17  1:29  Drone  
  19  1:42  Overlord  
  19  2:14  Queen x2  
  23  2:16  Drone x4  
  23  2:19  Metabolic Boost  
  27  2:40  Zergling x8  
  31  2:50  Drone x2  
  33  3:00  Extractor, Lair  
  32  3:07  Drone x2  
  32  3:09  Drone  
  35  3:18  Drone  
  36  3:23  Overlord x2  
  36  3:43  Drone x3  
  36  3:44  Drone x3  
  42  3:49  Drone  
  43  3:59  Drone  
  44  4:04  Hatchery  
  41  4:15  Drone x7  
  46  4:20  Extractor  
  45  4:24  Extractor  
  45  4:25  Spire  
  43  4:37  Drone x3  
  46  4:38  Overlord  
  46  4:39  Overlord  
  46  5:23  Hatchery  
  45  5:39  Mutalisk  
  45  5:40  Mutalisk x7  
  61  5:53  Overlord  
  61  5:54  Overlord  
  61  5:56  Drone x6  
  61  5:57  Drone x6  
  73  6:04  Zerg Flyer Weapons Level 1  
  73  6:08  Overlord x2  
  73  6:09  Overlord  
  73  6:32  Mutalisk x2  
  75  6:33  Mutalisk x3  
  83  6:46  Mutalisk x2  
  83  6:52  Drone  
  86  7:00  Mutalisk  
  88  7:07  Extractor, Drone x3  
  90  7:08  Extractor, Drone  
  90  7:09  Drone x2  
  82  7:36  Baneling Nest  
  81  7:37  Evolution Chamber  
  80  7:48  Drone x3  
  83  7:54  Zergling x2  
  83  7:55  Zergling x10  
  89  8:02  Hatchery  
  88  8:06  Mutalisk x3  
  87  8:44  Zergling x22  
  97  8:49  Zergling x2  
  97  8:50  Zergling x2  
  97  8:52  Centrifical Hooks  
  99  8:59  Infestation Pit, Zerg Missile Weapons Level 1  
  98  9:04  Evolution Chamber, Zergling x4  
  98  9:05  Zergling x12  
  105  9:14  Drone  
  106  9:18  Drone  
  106  9:19  Drone x6  
  106  9:20  Overlord  
  106  9:21  Overlord x2  
  78  9:33  Baneling  
  78  9:34  Baneling x7  
  78  9:35  Baneling  
  78  9:36  Baneling x7  
  79  9:38  Zergling x2  
  79  9:39  Zergling x12  
  85  9:46  Zergling x4  
  87  9:53  Burrow  
  87  9:56  Hive  
  75  10:09  Zergling x14  
  75  10:10  Zergling x6  
  78  10:21  Zerg Melee Weapons Level 1  
  78  10:26  Mutalisk x2  
  78  10:27  Mutalisk x8  
  88  10:38  Baneling x11  
  87  10:47  Zergling x16  
  89  11:07  Mutalisk x4  
  89  11:08  Mutalisk x2  
  98  11:14  Baneling x3  
  98  11:15  Mutalisk  
  98  11:16  Mutalisk x2  
  99  11:22  Greater Spire  
  95  11:34  Zergling x2  
  95  11:35  Overlord  
  95  11:36  Overlord x4  
  96  11:45  Overlord x3  
  96  12:02  Hatchery  
  96  12:06  Zergling x2  
  96  12:07  Zergling x10  
  101  12:13  Overlord  
  84  12:31  Zergling x20  
  84  12:36  Viper x2  
  100  12:44  Baneling x4  
  94  13:03  Zergling x20  
  94  13:04  Zergling x2  
  98  13:21  Baneling  
  98  13:22  Baneling x10  
  98  13:31  Extractor  
  98  13:33  Extractor  
  96  13:38  Zergling x2  
  96  13:39  Zergling x26  
  110  13:52  Corruptor  
  110  13:53  Corruptor x8  
  128  14:02  Baneling  
  128  14:03  Baneling x22  
  128  14:11  Drone x3  
  128  14:12  Drone x3  
  134  14:26  Brood Lord x3  
  134  14:27  Brood Lord x3  
  121  14:46  Zerg Flyer Weapons Level 2  
  121  14:47  Overlord  
  121  14:50  Drone x2  
  121  14:51  Drone x4  
  127  15:13  Brood Lord  
  127  15:14  Brood Lord x2, Corruptor  
  133  15:15  Corruptor x2  
  133  15:16  Zergling x2  
  133  15:17  Zergling x32  
  156  15:41  Baneling  
  156  15:42  Baneling x11  
  156  15:52  Baneling x5  
  156  15:53  Baneling x12  
  148  16:30  Corruptor x7  
  126  16:54  Corruptor  
  126  16:55  Corruptor x4  
  126  16:57  Drone  
  133  17:13  Corruptor x2  
  133  17:14  Corruptor  
Show
View Real Time Build Order
Export as new Build Order

BEERTIME Terran - Winner!

Build Orders:  

Get SALT Encoding   

  12  0:01  SCV  
  13  0:13  SCV  
  14  0:24  Supply Depot  
  14  0:27  SCV  
  15  0:36  Refinery  
  15  0:45  SCV  
  15  0:46  Refinery  
  16  0:54  Barracks  
  16  1:06  SCV  
  17  1:18  SCV  
  17  1:22  Supply Depot  
  18  1:30  SCV  
  19  1:36  Supply Depot  
  19  1:43  Barracks Reactor  
  19  1:53  Factory  
  19  2:07  Orbital Command  
  19  2:20  Bunker  
  19  2:23  Marine  
  19  2:27  Marine  
  21  2:38  SCV  
  21  2:41  Factory Tech Lab  
  22  2:57  SCV  
  22  2:58  Factory  
  23  3:07  Siege Tank  
  26  3:23  Engineering Bay  
  26  3:47  Command Center  
  26  4:03  Cyclone  
  29  4:13  SCV  
  30  4:17  Siege Tank  
  33  4:25  Cyclone  
  36  4:32  Supply Depot  
  36  4:35  SCV  
  37  4:50  Missile Turret  
  37  4:58  Cyclone  
  40  5:07  Cyclone  
  43  5:15  Planetary Fortress  
  43  5:16  Missile Turret  
  43  5:18  SCV  
  44  5:37  Siege Tank  
  47  5:42  Armory  
  47  5:45  SCV  
  47  5:49  Refinery  
  48  5:54  SCV  
  49  5:57  SCV  
  49  6:03  Cyclone  
  53  6:25  Cyclone x2  
  59  6:35  Cyclone  
  62  6:45  Refinery  
  62  6:53  Terran Vehicle Weapons Level 1  
  62  7:16  Supply Depot  
  62  7:17  Supply Depot  
  62  7:18  Cyclone, SCV x2, Supply Depot, Hellbat  
  69  7:30  SCV  
  69  7:36  Supply Depot  
  70  7:38  Cyclone, SCV  
  70  7:42  SCV  
  75  7:47  Hellbat  
  75  7:50  SCV  
  78  8:02  SCV  
  73  8:15  Hellbat x3  
  52  8:36  Siege Tank  
  52  8:37  SCV x2, Hellbat x2  
  61  8:49  SCV  
  61  8:54  Factory  
  62  8:55  Factory  
  62  9:02  Hellbat  
  64  9:09  Siege Tank  
  51  9:41  Siege Tank  
  51  9:42  Hellbat x2  
  58  9:59  Hellbat  
  60  10:03  Factory Tech Lab, Hellbat x2  
  64  10:13  Siege Tank  
  51  10:25  Hellion, Hellbat  
  51  10:27  Factory Reactor  
  55  10:33  Hellbat  
  50  10:45  Siege Tank  
  55  10:55  Hellbat  
  44  11:16  Hellbat  
  44  11:17  Siege Tank  
  47  11:30  Marine  
  45  11:37  Hellbat  
  47  11:40  Hellbat x2  
  51  11:48  Marine  
  51  11:49  Hellbat  
  56  12:02  Hellbat x2  
  56  12:06  Factory Tech Lab, Marine  
  59  12:11  Starport, Hellbat  
  59  12:13  Starport  
  61  12:23  Hellbat x2  
  61  12:24  Marine  
  66  12:31  Hellbat  
  66  12:32  Hellbat  
  70  12:42  Terran Vehicle Weapons Level 2, Marine  
  71  12:44  Hellbat  
  71  12:45  Hellbat  
  73  12:51  Liberator  
  73  12:53  Hellbat  
  76  13:13  Hellbat  
  78  13:20  Siege Tank  
  78  13:21  Hellbat x2  
  78  13:23  Supply Depot  
  68  13:34  Hellbat  
  68  13:35  Starport Tech Lab  
  70  13:42  Hellbat x2  
  74  13:52  Command Center  
  74  13:53  Siege Tank, Supply Depot  
  75  14:08  Viking x2  
  79  14:15  Supply Depot  
  79  14:25  Siege Tank  
  82  14:38  Viking x2  
  86  14:46  Hellbat x2  
  86  14:47  Hellbat  
  92  15:08  Viking x2  
  96  15:16  SCV x2  
  96  15:19  Missile Turret  
  96  15:20  Missile Turret  
  98  15:24  Missile Turret  
  98  15:26  Missile Turret  
  98  15:27  Reaper  
  99  15:38  Viking  
  101  15:44  Viking  
  100  15:59  Reaper  
  100  16:01  Widow Mine x4  
  109  16:08  Viking  
  111  16:12  Planetary Fortress  
  111  16:15  SCV x2  
  111  16:22  Widow Mine  
  113  16:27  SCV x2  
  113  16:31  Reaper  
  113  16:32  Hellbat x3  
  122  16:46  Viking x2  
  119  17:03  Reaper  
  114  17:16  Viking x2  
Tags
 
Add a new tag
Caveats
  • Supply blocks, unpowered buildings, or Contaminate may cause inaccurate times.
  • Supply counts are checked every 10 seconds.